AoeStats
← litomysl

Black Forest

509807518Analyzed
4v4 RM · 5d ago on Sep 28, 2026· 83m 3s· 8 players
Game mode
Random Map
Map size
Large (8 player)
Population
200
Speed
Normal
Resources
Standard
Victory
Conquest
Starting age
Dark Age
Ending age
Imperial Age
RankedLock teamsTeams togetherTeam positionsShared explorationLock speedFull tech treeHidden civsTurbo modeCheats
Victory
Defeat
🇩🇪 Teutons · Germany
844
+22
🇩🇪 Portuguese · Germany
841
+22
🇺🇸 Malay · United States
834
+22
🇩🇪 Khmer · Germany
828
+22
🇺🇸 Persians · United States
1033
-25
🇲🇽 Goths · Mexico
1002
-23
🇲🇽 Burgundians · Mexico
942
-21
🇲🇽 Vikings · Mexico
902
-19
MKO82
0:28 Loom
12:42 Feudal Age
13:59 Wheelbarrow
13:05 Horse Collar
13:22 Double-Bit Axe
20:32 Castle Age
20:28 Stone Mining
20:31 Gold Mining
20:43 Man-at-Arms
21:08 Arson
21:44 Heavy Plow
21:57 Bow Saw
21:55 Pikeman
21:55 Long Swordsman
22:36 Squires
28:17 Hand Cart
27:47 Town Watch
29:09 Gambesons
30:49 Scale Mail Armor
30:50 Padded Archer Armor
30:40 Fletching
31:01 Forging
30:53 Caravan
31:23 Coinage
34:23 Imperial Age
32:38 Fortified Wall
32:18 Heated Shot
33:10 Stone Shaft Mining
32:53 Leather Archer Armor
32:34 Bodkin Arrow
32:29 Elite Skirmisher
34:29 Ballistics
34:19 Masonry
34:28 Chain Mail Armor
34:49 Iron Casting
36:22 Crop Rotation
37:12 Two-Man Saw
37:16 Chemistry
36:02 Arrowslits
35:55 Halberdier
35:59 Elite Teutonic Knight
37:00 Conscription
36:11 Two-Handed Swordsman
37:35 Banking
37:51 Plate Mail Armor
38:41 Blast Furnace
39:05 Siege Engineers
40:15 Bombard Tower
40:48 Ironclad
46:06 Guilds
46:06 Onager
49:23 Siege Onager
57:41 Ring Archer Armor
63:30 Heavy Scorpion
72:12 Sappers
73:17 Hoardings
74:02 Guard Tower
74:17 Siphons
74:23 Clinker Construction
83:13 Crenellations
VirtualVagabond
0:27 Loom
13:24 Feudal Age
14:03 Double-Bit Axe
17:09 Wheelbarrow
20:36 Castle Age
18:41 Horse Collar
21:39 Bow Saw
23:39 Hand Cart
28:43 Imperial Age
26:55 Scale Mail Armor
27:07 Forging
29:18 Chain Mail Armor
29:39 Iron Casting
30:04 Conscription
31:22 Chemistry
31:30 Two-Man Saw
31:25 Pikeman
31:51 Arson
33:57 Plate Mail Armor
33:45 Husbandry
35:53 Scale Barding Armor
37:53 Blast Furnace
37:14 Chain Barding Armor
36:53 Onager
38:09 Heavy Plow
38:26 Halberdier
38:27 Cavalier
41:09 Plate Barding Armor
42:13 Elite Organ Gun
45:19 Arquebus
71:00 Caravan
litomysl
0:42 Loom
15:39 Feudal Age
19:46 Double-Bit Axe
20:16 Bloodlines
21:04 Wheelbarrow
23:12 Forging
28:48 Castle Age
32:10 Imperial Age
32:03 Wheelbarrow
31:14 Town Watch
32:50 Husbandry
33:31 Horse Collar
35:57 Hand Cart
35:43 Town Patrol
39:01 Cavalier
39:01 Light Cavalry
42:11 Onager
42:57 Pikeman
47:55 Heavy Plow
47:21 Halberdier
50:28 Hussar
51:25 Scale Barding Armor
54:15 Bow Saw
56:55 Crop Rotation
58:00 Double Crossbow
58:28 Conscription
59:44 Iron Casting
59:30 Chain Barding Armor
59:11 Scale Mail Armor
58:55 Heavy Scorpion
65:41 Blast Furnace
65:16 Plate Barding Armor
64:58 Chain Mail Armor
73:05 Chemistry
72:25 Ballistics
XxMasterxX
0:29 Loom
18:24 Feudal Age
18:03 Double-Bit Axe
18:06 Fishing Lines
21:51 Town Watch
21:59 Gold Mining
23:55 Stone Mining
26:32 Castle Age
25:19 Forging
25:10 Padded Archer Armor
25:31 Scale Barding Armor
25:18 Fletching
26:03 Gillnets
27:49 Gold Shaft Mining
27:57 Stone Shaft Mining
30:18 Iron Casting
29:58 Leather Archer Armor
30:21 Wheelbarrow
30:38 Husbandry
31:02 Bodkin Arrow
32:11 Bow Saw
34:52 Imperial Age
32:45 Squires
32:06 Pikeman
32:32 Arson
34:14 Hand Cart
34:00 Town Patrol
34:23 Caravan
35:12 Conscription
36:25 Elite Battle Elephant
38:11 Blast Furnace
37:42 Ring Archer Armor
37:18 Bracer
39:55 Halberdier
40:50 Man-at-Arms
41:51 Long Swordsman
42:03 Elite Karambit Warrior
47:42 Two-Handed Swordsman
66:24 Chemistry
65:29 Murder Holes
67:38 Forced Levy
Alex931231
13:07 Feudal Age
17:13 Castle Age
16:08 Double-Bit Axe
16:36 Horse Collar
20:01 Loom
25:14 Man-at-Arms
27:38 Crossbowman
35:53 Scale Barding Armor
37:40 Pikeman
44:59 Imperial Age
42:11 Light Cavalry
44:48 Gold Mining
45:24 Chain Barding Armor
45:05 Scale Mail Armor
45:16 Forging
46:25 Conscription
45:30 Cavalier
Nemesis
4:59 Loom
12:30 Feudal Age
16:56 Castle Age
16:25 Double-Bit Axe
19:36 Bow Saw
25:39 Wheelbarrow
25:22 Horse Collar
28:15 Heavy Plow
31:02 Gold Mining
31:02 Stone Mining
34:13 Imperial Age
32:31 Gold Shaft Mining
32:53 Kamandaran
35:42 Forging
35:23 Fletching
35:39 Scale Barding Armor
35:34 Padded Archer Armor
35:21 Crossbowman
36:30 Conscription
37:57 Chemistry
37:38 Ballistics
39:56 Crop Rotation
40:31 Two-Man Saw
39:53 Chain Barding Armor
40:09 Iron Casting
41:54 Bodkin Arrow
42:35 Plate Barding Armor
43:03 Masonry
47:27 Caravan
56:30 Architecture
56:16 Leather Archer Armor
57:02 Blast Furnace
56:02 Scale Mail Armor
57:13 Light Cavalry
58:03 Bloodlines
57:53 Husbandry
57:51 Light Cavalry
59:30 Thumb Ring
59:42 Chain Mail Armor
60:25 Bloodlines
60:15 Husbandry
69:28 Hussar
73:33 Pikeman
74:14 Squires
richi_maron_90
0:29 Loom
19:52 Feudal Age
20:54 Wheelbarrow
20:02 Horse Collar
20:15 Double-Bit Axe
27:14 Bow Saw
28:10 Hand Cart
32:01 Heavy Plow
32:03 Fishing Lines
38:02 Castle Age
44:02 Two-Man Saw
42:55 Gold Mining
50:55 Imperial Age
49:56 Pikeman
50:36 Squires
50:22 Arson
57:43 Halberdier
60:08 Husbandry
59:29 Cavalier
59:29 Light Cavalry
60:07 Elite Skirmisher
66:52 Conscription
66:46 Burgundian Vineyards
67:12 Elite Coustillier
Alexitobb
12:22 Feudal Age
17:20 Castle Age
16:01 Loom
18:30 Wheelbarrow
25:20 Double-Bit Axe
26:25 Horse Collar
27:22 Gold Mining
27:22 Stone Mining
27:51 Hand Cart
27:40 Heavy Plow
27:53 Bow Saw
29:12 Forging
29:02 Scale Mail Armor
28:53 Fletching
31:59 Iron Casting
31:40 Chain Mail Armor
31:26 Padded Archer Armor
31:21 Bodkin Arrow
35:38 Imperial Age
33:49 Stone Shaft Mining
35:34 Ballistics
34:54 Treadmill Crane
36:00 Leather Archer Armor
38:29 Blast Furnace
37:29 Bracer
38:00 Ring Archer Armor
36:57 Pikeman
37:37 Squires
37:59 Conscription
37:39 Perfusion
37:40 Anarchy
37:00 Elite Huskarl
40:02 Two-Man Saw
39:36 Crop Rotation
38:39 Halberdier
42:54 Chemistry
43:01 Elite Skirmisher
73:50 Guilds
Connection lost

Rejoining the realm…

Still unreachable

The connection could not be restored.

Session expired

The server has moved on; the page needs a fresh start.